 Dungeon Crawl Stone Soup version 0.28-a0-863-g8cecda6153 (webtiles) character file.

Game seed: 5252479757424511254

145 Peloso the Skirmisher (level 5, -8/47 HPs)
             Began as a Minotaur Fighter on Nov 17, 2021.
             Mangled by an ogre (18 damage)
             ... on level 4 of the Dungeon.
             The game lasted 00:04:54 (2113 turns).

Peloso the Skirmisher (Minotaur Fighter)            Turns: 2113, Time: 00:04:54

Health: -8/47      AC: 16    Str: 20    XL:     5   Next: 6%
Magic:  4/4        EV:  6    Int:  5    God:
Gold:   76         SH:  4    Dex: 11    Spells: 4/4 levels left

rFire   . . .      SeeInvis .   a - +0 long sword
rCold   . . .      Faith    .   c - +0 buckler
rNeg    . . .      Spirit   .   i - +0 plate armour
rPois   .          Reflect  .   (helmet restricted)
rElec   .          Harm     .   (no cloak)
rCorr   .          Rampage  .   (no gloves)
Will    .....                   (no boots)
Stlth   ..........              (no amulet)
HPRegen 0.15/turn               j - +4 ring of protection
MPRegen 0.09/turn               (no ring)

@: no status effects
A: horns 2, retaliatory headbutt
a: no special abilities


You were on level 4 of the Dungeon.
You visited 2 branches of the dungeon, and saw 6 of its levels.

You collected 76 gold pieces.

Inventory:

Hand Weapons
 a - a +0 long sword (weapon)
Armour
 b - a +0 scale mail
 c - a +0 buckler (worn)
 i - a +0 plate armour (worn)
Jewellery
 j - a +4 ring of protection (left hand)
Scrolls
 e - 2 scrolls of noise {unknown}
 f - a scroll of teleportation {unknown}
 g - a scroll of magic mapping {unknown}
 h - a scroll of blinking {unknown}
 l - a scroll of identify {unknown}
Potions
 d - a potion of might
 k - a potion of haste {unknown}


   Skills:
 + Level 4.8 Fighting
 + Level 4.3 Long Blades
 + Level 4.4 Armour
 + Level 0.2 Dodging
 + Level 4.2 Shields


You had 4 spell levels left.
You didn't know any spells.
Your spell library contained the following spells:

 Spells                   Type           Power      Damage    Failure   Level
 Apportation              Tloc           0%         N/A       100%        1
 Alistair's Intoxication  Tmut/Pois      0%         N/A       100%        5


Dungeon Overview and Level Annotations

Branches:
Dungeon (5/15)             Temple (1/1) D:4

Altars:
Ashenzari
Cheibriados
Dithmenos
Elyvilon
Gozag
Hepliaklqana
Kikubaaqudgha
Makhleb
Nemelex Xobeh
Qazlal
Ru
Sif Muna
Trog
Uskayaw
Vehumet
Xom
Zin
The Shining One


Innate Abilities, Weirdness & Mutations

You have a pair of horns on your head.
You reflexively headbutt those who attack you in melee.


Message History

The gnoll is severely wounded.
The gnoll hits you but does no damage.
You slash the gnoll!
You kill the gnoll!
You closely miss the gnoll. The gnoll hits you with a +0 flail!
You hit the gnoll but do no damage. Your headbutt misses the gnoll.
The gnoll hits you but does no damage.
You slash the gnoll! Your headbutt misses the gnoll.
The gnoll is severely wounded.
The gnoll hits you with a +0 flail.
You hit the gnoll but do no damage.
The gnoll is severely wounded.
The gnoll barely misses you.
You slash the gnoll!
You kill the gnoll!
You have reached level 5!
Things that are here:
a +0 flail; a +0 spear; a gnoll corpse You see here a +0 club.
HP restored.
Things that are here:
a +0 flail; a +0 spear; a gnoll corpse
There is an open door here.
An ogre comes into view. It is wielding a +0 giant spiked club.
You closely miss the ogre.
The ogre hits you with a +0 giant spiked club!
You barely miss the ogre. You headbutt the ogre.
The ogre is lightly wounded.
The ogre hits you with a +0 giant spiked club.
You hit the ogre but do no damage.
The ogre is lightly wounded.
You block the ogre's attack.
You hit the ogre. You headbutt the ogre!
The ogre is moderately wounded.
The ogre hits you with a +0 giant spiked club!!
* * * LOW HITPOINT WARNING * * *
You closely miss the ogre.
The ogre is moderately wounded.
The ogre hits you with a +0 giant spiked club!!
You die...

#.....#
#.....#
####'##
#.# #.#
#.# #.#
#.#######
#.@O....#
#######.#


You could see an ogre.

Vanquished Creatures
  3 gnolls (D:4)
  4 adders
  3 worms
  A dart slug (D:1)
  6 ball pythons
  5 endoplasms
  4 giant cockroaches
  5 goblins
  4 hobgoblins
  6 jackals (D:1)
  5 kobolds
  4 quokkas
  8 bats
  2 frilled lizards
  6 rats
66 creatures vanquished.

Notes
Turn   | Place    | Note
-------+----------+-------------------------------------------
     0 | D:1      | Peloso the Minotaur Fighter began the quest for the Orb.
     0 | D:1      | Reached XP level 1. HP: 19/19 MP: 0/0
    10 | D:1      | Found a runed translucent door.
   280 | D:1      | Reached XP level 2. HP: 27/27 MP: 1/1
   558 | D:1      | Reached XP level 3. HP: 33/33 MP: 2/2
   958 | D:2      | Found a faded altar of an unknown god.
  1159 | D:2      | Reached XP level 4. HP: 41/41 MP: 3/3
  1492 | D:3      | Found a white marble altar of Elyvilon.
  1575 | D:4      | Found a staircase to the Ecumenical Temple.
  1582 | Temple   | Entered the Ecumenical Temple
  1868 | D:5      | Entered Level 5 of the Dungeon
  1905 | D:4      | Found a shimmering altar of Xom.
  1923 | D:4      | Reached XP level 5. HP: 22/47 MP: 4/4
  2105 | D:4      | Noticed an ogre
  2113 | D:4      | Mangled by an ogre

Illustrated notes

Levels and vault maps discovered:
D:1:      dpeg_arrival_caged_fury, layout_basic
D:2:      layout_rooms, chequers_ecumenical_altar_island, grunt_ministairs_3,
          minmay_distorted
D:3:      layout_loops_ring, nicolae_elyvilon_peaceful_grove,
          kennysheep_jessica_study
D:4:      layout_basic, mainiacjoe_overflow_paths, kennysheep_okawaru_gauntlet,
          minmay_temple_entry_tees, minmay_quantized, uniq_ijyb, uniq_grinder
D:5:      layout_gridville
Temple:   nicolae_temple_elliptical

Skill      XL: |  1  2  3  4 |
---------------+-------------+-----
Fighting       | 4 |  4.8
Armour         | 4 |  4.4
Shields        | 4 |  4.2
Long Blades    | 3 4 |  4.3
Dodging        | |  0.2

Action                   |  1- 3 |  4- 6 || total
-------------------------+-------+-------++-------
Melee: Long sword        |   114 |    56 ||   170
       Headbutt          |    18 |    10 ||    28
Armor: Scale mail        |    19 |       ||    19
       Chain mail        |    23 |       ||    23
       Plate armour      |    35 |    24 ||    59
Dodge: Dodged            |    49 |    16 ||    65
Block: Buckler           |    32 |    13 ||    45

Table legend: (Time is in decaauts)
 A = Elapsed time spent in this place.
 B = Non-inter-level travel time spent in this place.
 C = Inter-level travel time spent in this place.
 D = Time resting spent in this place.
 E = Time spent auto-exploring this place.
 F = Levels seen in this place.
 G = Mean time per level.
                   A        B        C        D        E       F      G
               +--------+--------+--------+--------+--------+-----+--------+
         Total |   2159 |   2136 |     23 |      0 |   1318 |   6 |  359.8 |
       Dungeon |   1901 |   1878 |     23 |      0 |   1318 |   5 |  380.2 |
        Temple |    258 |    258 |      0 |      0 |      0 |   1 |  258.0 |
               +--------+--------+--------+--------+--------+-----+--------+

Top non-repeatable levels by time:
     D:1: 824 daAuts
     D:2: 627 daAuts
     D:4: 281 daAuts
  Temple: 258 daAuts
     D:3: 165 daAuts
     D:5: 1 daAuts
